Coyotes vs Stars (R2)

Created - June 6, 2020 at 19:00

Goals
1 2 3 OT1 T
Coyotes 3 1 1 0 5
Stars 0 3 2 1 6
Shots
1 2 3 OT1 T
Coyotes 14 12 7 0 33
Stars 6 17 10 1 34

1st period

1. Coyotes , Tyler Ennis 7 (Kristopher Letang 7, Nazem Kadri 12) at 1:43
2. Coyotes , Marian Gaborik 13 (Tyler Ennis 10, Maxime Daigneault) at 8:08 (PP)
3. Coyotes , Zach Parise 5 (Marian Gaborik 8, Brad Richards 10) at 17:23

Penalties :
Guillaume Latendresse (Dal) for Tripping (Minor) at 7:30, Brian Lee (Dal) for Hooking (Minor) at 11:54

2nd period

4. Stars , Cory Emmerton 2 (B.J. Crombeen 1, Boris Valabik 7) at 4:54
5. Stars , John Tavares 13 (Michael Grabner 15, Guillaume Latendresse 14) at 8:00
6. Stars , Evgeny Grachev 2 (Ted Purcell 4) at 12:18
7. Coyotes , Anton Stralman 2 (Marian Gaborik 9, Zach Parise 9) at 15:59

Penalties :
Ted Purcell (Dal) for Slashing (Minor) at 2:40

3rd period

8. Coyotes , Zach Parise 6 (Anton Lander 1) at 9:06 (SH)
9. Stars , Brian Lee 2 (Jussi Jokinen 12) at 9:45 (PP)
10. Stars , Michael Grabner 6 (John Tavares 16, Guillaume Latendresse 15) at 13:43

Penalties :
Brad Richards (Ari) for Interference (Minor) at 8:26, Niklas Hjalmarsson (Dal) for Slashing (Minor) at 19:35

Overtime #1

11. Stars , Antoine Vermette 2 (Ian White 6, Guillaume Latendresse 16) at 0:41 (SH)

Penalties :
No Penalty

Goalie Stats

Maxime Daigneault (Ari), 28 saves from 34 shots - (0.824), OTL, 9-3-2, 60:41 minutes
Cory Schneider (Dal), 28 saves from 33 shots - (0.848), W, 3-3-0, 60:41 minutes

Players Stats for Coyotes

Player Name              G  A  P  +/- PIM S  H  SB GA TA FO     MP     PP MP  PK MP  
------------------------------------------------------------------------------------
Andrew MacDonald         0  0  0   0  0   2  1  0  0  0  0/0    21:07   1:33   0:11 
Anton Lander             0  1  1  -1  0   1  0  1  0  0  3/4     9:31   0:00   0:35 
Anton Stralman           1  0  1   1  0   1  2  1  0  0  0/0    26:39   4:08   1:08 
Brad Richards            0  1  1   0  2   1  1  1  1  1  17/32  20:53   2:06   0:00 
Chris Stewart            0  0  0   0  0   0  0  0  0  0  0/0    16:49   2:06   0:00 
Evgeny Artyukhin         0  0  0  -1  0   2  2  1  0  1  0/0    11:26   0:00   0:00 
Jonathan Ferland         0  0  0  -2  0   0  0  0  0  0  0/0     8:56   0:00   0:00 
Kristopher Letang        0  1  1   1  0   2  2  4  0  0  0/0    26:39   4:08   1:08 
Marian Gaborik           1  2  3   1  0   5  2  0  3  0  1/2    22:17   3:35   0:00 
Martin Samuelsson        0  0  0  -1  0   0  1  1  0  0  1/2    12:00   0:00   0:40 
Matt Donovan             0  0  0  -2  0   1  1  1  0  2  0/0    12:55   0:00   0:00 
Michael Del Zotto        0  0  0   0  0   1  0  1  1  0  0/0    21:07   1:33   0:11 
Nazem Kadri              0  1  1   1  0   3  2  0  0  0  10/18  18:09   3:35   0:00 
Nick Bonino              0  0  0  -1  0   4  1  0  0  0  1/6    11:20   0:00   0:00 
Ramzi Abid               0  0  0  -2  0   4  0  0  0  0  0/0     8:56   0:00   0:00 
Thomas Hickey            0  0  0  -2  0   0  2  0  1  0  0/0    12:55   0:00   0:00 
Tyler Ennis              1  1  2   1  0   4  0  1  0  0  1/3    18:53   3:35   0:44 
Zach Parise              2  1  3   1  0   2  5  0  1  2  1/3    21:33   2:06   0:39 

Players Stats for Stars

Player Name              G  A  P  +/- PIM S  H  SB GA TA FO     MP     PP MP  PK MP  
------------------------------------------------------------------------------------
Alex Chiasson            0  0  0  -2  0   1  1  0  0  0  0/1    14:59   0:37   0:00 
Alexander Frolov         0  0  0   0  0   1  0  0  0  0  1/2    13:14   0:00   0:31 
Antoine Vermette         1  0  1  -1  0   1  3  1  1  0  4/10   16:31   0:37   1:32 
B.J. Crombeen            0  1  1   0  0   2  1  0  0  0  0/0    12:43   0:00   0:00 
Boris Valabik            0  1  1  -1  0   1  0  3  2  0  0/0    19:14   0:40   1:38 
Brian Lee                1  0  1   0  2   4  2  0  1  2  0/0    27:55   0:39   2:53 
Cam Atkinson             0  0  0   1  0   2  0  0  0  1  0/0     6:35   0:00   0:00 
Cory Emmerton            1  0  1   0  0   2  1  0  0  1  2/4    13:52   0:00   1:09 
Evgeny Grachev           1  0  1   1  0   3  0  0  0  0  3/4     6:35   0:00   0:00 
Guillaume Latendresse    0  3  3   1  2   3  2  1  0  1  3/3    23:42   0:42   3:00 
Ian White                0  1  1   0  0   2  0  0  1  1  0/0    29:10   0:39   4:07 
John Tavares             1  1  2   1  0   6  1  3  0  1  20/42  24:21   0:42   3:38 
Johnny Oduya             0  0  0   2  0   0  0  0  0  0  0/0    13:04   0:00   0:23 
Jussi Jokinen            0  1  1  -1  0   0  1  0  0  0  1/2    16:31   0:37   1:32 
Lasse Kukkonen           0  0  0  -1  0   0  0  2  0  0  0/0    19:10   0:40   1:34 
Michael Grabner          1  1  2   1  0   4  4  0  1  0  1/2    20:22   0:42   0:00 
Niklas Hjalmarsson       0  0  0   2  2   1  0  0  0  0  0/0    13:07   0:00   0:47 
Ted Purcell              0  1  1   1  2   1  0  0  0  0  0/0     6:35   0:00   0:00 

3 Stars

1 - Zach Parise (Ari)
2 - Marian Gaborik (Ari)
3 - Michael Grabner (Dal)

Power Play

Coyotes - 1 on 4 Attempt(s) - 25.00%
Stars - 1 on 1 Attempt(s) - 100.00%

Penalty Kill

Coyotes - 0 on 1 Attempt(s) - 0.00% - Score 1 goal in Penalty Kill
Stars - 3 on 4 Attempt(s) - 75.00% - Score 1 goal in Penalty Kill

Team Stat

Coyotes - Hits : 22 - Faceoff Wins : 35 - Blocked Shots : 12 - Penalty Minutes : 2
Stars - Hits : 16 - Faceoff Wins : 35 - Blocked Shots : 10 - Penalty Minutes : 8

Official

Referees : Unknown
Linesman : Unknown

Game Notes

No Game Note

Finance

Level 1 -- Attendance: 6000 (100.00%) -- Ticket Income $720,000
Level 2 -- Attendance: 5000 (100.00%) -- Ticket Income $375,000
Level 3 -- Attendance: 2000 (100.00%) -- Ticket Income $100,000
Level 4 -- Attendance: 4000 (100.00%) -- Ticket Income $160,000
Luxury Box -- Attendance: 1000 (100.00%) -- Ticket Income $215,000
Game was played at the American Airlines Center.
Total Attendance: 18000 (100.00%)
Total Ticket Income: $1,570,000
Other Income: $235,500
Total Income: $1,805,500

Coyotes

5 vs 5 Forward 
   Center                   Left Wing                Right Wing               Time % Phy DF OF 
 1 Brad Richards            Zach Parise              Marian Gaborik           38     0   3  2  
 2 Nazem Kadri              Tyler Ennis              Chris Stewart            32     0   3  2  
 3 Nick Bonino              Martin Samuelsson        Evgeny Artyukhin         20     0   3  2  
 4 Anton Lander             Ramzi Abid               Jonathan Ferland         10     1   3  1  

5 vs 5 Defense 
   Defense                  Defense                                           Time % Phy DF OF 
 1 Kristopher Letang        Anton Stralman                                    40     0   3  2  
 2 Andrew MacDonald         Michael Del Zotto                                 35     1   2  2  
 3 Matt Donovan             Thomas Hickey                                     25     0   3  2  
 4 Kristopher Letang        Michael Del Zotto                                 0      1   2  2  

PowerPlay Forward 
   Center                   Left Wing                Right Wing               Time % Phy DF OF 
 1 Nazem Kadri              Tyler Ennis              Marian Gaborik           60     0   1  4  
 2 Brad Richards            Zach Parise              Chris Stewart            40     0   1  4  

PowerPlay Defense
   Defense                  Defense                                           Time % Phy DF OF 
 1 Kristopher Letang        Anton Stralman                                    60     0   2  3  
 2 Andrew MacDonald         Michael Del Zotto                                 40     0   2  3  

Penalty Kill 4 Players Forward 
   Center                   Wing                     Time % Phy DF OF 
 1 Brad Richards            Zach Parise              50     1   3  1  
 2 Tyler Ennis              Martin Samuelsson        50     1   3  1  

Penalty Kill 4 Players Defense
   Defense                  Defense                  Time % Phy DF OF 
 1 Kristopher Letang        Anton Stralman           60     1   4  0  
 2 Andrew MacDonald         Michael Del Zotto        40     1   4  0  

Penalty Kill - 3 Players Forward 
   Forward                                           Time % Phy DF OF 
 1 Zach Parise                                       60     1   4  0  
 2 Martin Samuelsson                                 40     1   4  0  

Penalty Kill - 3 Players Defense
   Defense                  Defense                  Time % Phy DF OF 
 1 Kristopher Letang        Anton Stralman           60     1   4  0  
 2 Andrew MacDonald         Michael Del Zotto        40     1   4  0  

4 vs 4 Forward 
   Center                   Wing                     Time % Phy DF OF 
 1 Brad Richards            Zach Parise              60     1   2  2  
 2 Nazem Kadri              Tyler Ennis              40     1   2  2  

4 vs 4 Defense
   Defense                  Defense                  Time % Phy DF OF 
 1 Kristopher Letang        Anton Stralman           60     1   2  2  
 2 Andrew MacDonald         Michael Del Zotto        40     1   2  2  

Last Minutes Offensive
   Center                   Left Wing                Right Wing               Defense                  Defense                  
   Brad Richards            Tyler Ennis              Marian Gaborik           Kristopher Letang        Michael Del Zotto        

Last Minutes Defensive
   Center                   Left Wing                Right Wing               Defense                  Defense                  
   Brad Richards            Zach Parise              Marian Gaborik           Kristopher Letang        Anton Stralman           

Goaltenders
Starting : Maxime Daigneault        
Backup : Thomas McCollum          

Extra Forwards
Normal : Evgeny Artyukhin, Martin Samuelsson, Nick Bonino - PP : Evgeny Artyukhin, Martin Samuelsson - PK : Tyler Ennis
Extra Defensemen
Normal : Matt Donovan, Thomas Hickey, Michael Del Zotto - PP : Matt Donovan - PK : Thomas Hickey, Matt Donovan
Penalty Shots
Tyler Ennis, Marian Gaborik, Zach Parise, Nazem Kadri, Brad Richards

Scratches
Josh Gorges (Torn Left ACL Injury), Mike Weber (Healthy), Jamie Arniel (Strained Left Knee Injury)

Stars

5 vs 5 Forward 
   Center                   Left Wing                Right Wing               Time % Phy DF OF 
 1 John Tavares             Guillaume Latendresse    Michael Grabner          40     0   2  3  
 2 Antoine Vermette         Jussi Jokinen            Alex Chiasson            30     0   2  3  
 3 Cory Emmerton            Alexander Frolov         B.J. Crombeen            20     1   2  2  
 4 Evgeny Grachev           Ted Purcell              Cam Atkinson             10     1   2  2  

5 vs 5 Defense 
   Defense                  Defense                                           Time % Phy DF OF 
 1 Ian White                Brian Lee                                         40     1   2  2  
 2 Boris Valabik            Lasse Kukkonen                                    30     1   2  2  
 3 Johnny Oduya             Niklas Hjalmarsson                                20     1   2  2  
 4 Ian White                Brian Lee                                         10     1   2  2  

PowerPlay Forward 
   Center                   Left Wing                Right Wing               Time % Phy DF OF 
 1 John Tavares             Guillaume Latendresse    Michael Grabner          60     0   2  3  
 2 Antoine Vermette         Jussi Jokinen            Alex Chiasson            40     0   2  3  

PowerPlay Defense
   Defense                  Defense                                           Time % Phy DF OF 
 1 Ian White                Brian Lee                                         60     0   2  3  
 2 Boris Valabik            Lasse Kukkonen                                    40     0   2  3  

Penalty Kill 4 Players Forward 
   Center                   Wing                     Time % Phy DF OF 
 1 John Tavares             Guillaume Latendresse    60     0   3  2  
 2 Jussi Jokinen            Antoine Vermette         40     0   3  2  

Penalty Kill 4 Players Defense
   Defense                  Defense                  Time % Phy DF OF 
 1 Ian White                Brian Lee                60     0   3  2  
 2 Boris Valabik            Lasse Kukkonen           40     0   3  2  

Penalty Kill - 3 Players Forward 
   Forward                                           Time % Phy DF OF 
 1 John Tavares                                      60     0   3  2  
 2 Guillaume Latendresse                             40     0   3  2  

Penalty Kill - 3 Players Defense
   Defense                  Defense                  Time % Phy DF OF 
 1 Ian White                Brian Lee                60     0   3  2  
 2 Boris Valabik            Lasse Kukkonen           40     0   3  2  

4 vs 4 Forward 
   Center                   Wing                     Time % Phy DF OF 
 1 John Tavares             Guillaume Latendresse    60     0   2  3  
 2 Jussi Jokinen            Antoine Vermette         40     0   2  3  

4 vs 4 Defense
   Defense                  Defense                  Time % Phy DF OF 
 1 Ian White                Brian Lee                60     1   2  2  
 2 Boris Valabik            Lasse Kukkonen           40     1   2  2  

Last Minutes Offensive
   Center                   Left Wing                Right Wing               Defense                  Defense                  
   John Tavares             Guillaume Latendresse    Michael Grabner          Ian White                Brian Lee                

Last Minutes Defensive
   Center                   Left Wing                Right Wing               Defense                  Defense                  
   John Tavares             Guillaume Latendresse    Michael Grabner          Ian White                Brian Lee                

Goaltenders
Starting : Cory Schneider           
Backup : Brian Elliott            

Extra Forwards
Normal : Alexander Frolov, Ted Purcell, Cory Emmerton - PP : Alexander Frolov, Ted Purcell - PK : Cory Emmerton
Extra Defensemen
Normal : Johnny Oduya, Niklas Hjalmarsson, Boris Valabik - PP : Johnny Oduya - PK : Niklas Hjalmarsson, Boris Valabik
Penalty Shots
John Tavares, Guillaume Latendresse, Jussi Jokinen, Antoine Vermette, Alexander Frolov

Scratches
Lee Stempniak (Healthy), Andrej Sustr (Healthy), Brian Flynn (Healthy)

% Time on Ice - Coyotes

Lines # - Real PCT - Wanted PCT - Time Play
Normal Forward
1 - 35% - 38% - 18:42
2 - 27% - 32% - 14:43
3 - 21% - 20% - 11:20
4 - 17% - 10% - 8:56
Normal Defense
1 - 40% - 40% - 21:23
2 - 36% - 35% - 19:23
3 - 24% - 25% - 12:55
4 - 0% - 0% - 0:00
PP Forward
1 - 63% - 60% - 3:35
2 - 37% - 40% - 2:06
PP Defense
1 - 73% - 60% - 4:08
2 - 27% - 40% - 1:33
PK Forward
1 - 49% - 50% - 0:39
2 - 51% - 50% - 0:40
PK Defense
1 - 86% - 60% - 1:08
2 - 14% - 40% - 0:11
PK3 Forward
1 - 0% - 60%
2 - 0% - 40%
PK3 Defense
1 - 0% - 60%
2 - 0% - 40%
44 Forward
1 - 0% - 60%
2 - 0% - 40%
44 Defense
1 - 0% - 60%
2 - 0% - 40%
Last Minute Offensive  - 0:00
Last Minute Defensive  - 0:00
Total
Forward - 60:41
Defense - 60:41

% Time on Ice - Stars

Lines # - Real PCT - Wanted PCT - Time Play
Normal Forward
1 - 37% - 40% - 20:01
2 - 27% - 30% - 14:22
3 - 24% - 20% - 12:43
4 - 12% - 10% - 6:35
Normal Defense
1 - 39% - 40% - 21:09
2 - 32% - 30% - 16:56
3 - 23% - 20% - 12:21
4 - 6% - 10% - 3:15
PP Forward
1 - 53% - 60% - 0:42
2 - 47% - 40% - 0:37
PP Defense
1 - 49% - 60% - 0:39
2 - 51% - 40% - 0:40
PK Forward
1 - 73% - 60% - 4:09
2 - 27% - 40% - 1:32
PK Defense
1 - 72% - 60% - 4:07
2 - 28% - 40% - 1:34
PK3 Forward
1 - 0% - 60%
2 - 0% - 40%
PK3 Defense
1 - 0% - 60%
2 - 0% - 40%
44 Forward
1 - 0% - 60%
2 - 0% - 40%
44 Defense
1 - 0% - 60%
2 - 0% - 40%
Last Minute Offensive  - 0:00
Last Minute Defensive  - 0:00
Total
Forward - 60:41
Defense - 60:41

Play-by-Play

1st period


0:01 of 1st period - Brad Richards wins face-off versus John Tavares in neutral zone.
0:46 of 1st period - Chris Stewart is hit by B.J. Crombeen and loses puck.
0:55 of 1st period - Snap shot by Tyler Ennis.
0:55 of 1st period - Shot Misses the Net.
0:57 of 1st period - Backhand shot by Kristopher Letang.
0:57 of 1st period - Stopped by Cory Schneider with a rebound.
0:59 of 1st period - Slapshot by Anton Stralman.
0:59 of 1st period - Shot Misses the Net.
1:01 of 1st period - Slapshot by Kristopher Letang.
1:01 of 1st period - Shot Blocked by Boris Valabik.
1:13 of 1st period - Wrist shot by Cory Emmerton.
1:13 of 1st period - Shot Blocked by Anton Stralman.
1:41 of 1st period - Snap shot by Nazem Kadri.
1:41 of 1st period - Shot Misses the Net.
1:43 of 1st period - Snap shot by Kristopher Letang.
1:43 of 1st period - Deflect By Tyler Ennis.
1:43 of 1st period - Goal by Tyler Ennis - Coyotes : 1 - Stars : 0.
1:44 of 1st period - Nick Bonino wins face-off versus John Tavares in neutral zone.
1:47 of 1st period - Slapshot by Evgeny Artyukhin.
1:47 of 1st period - Stopped by Cory Schneider without a rebound.
1:48 of 1st period - John Tavares wins face-off versus Nick Bonino in Stars zone.
1:48 of 1st period - John Tavares is hit by Evgeny Artyukhin.
1:56 of 1st period - Snap shot by Nick Bonino.
1:56 of 1st period - Shot Misses the Net.
2:11 of 1st period - Icing by Johnny Oduya.
2:12 of 1st period - Brad Richards wins face-off versus John Tavares in Stars zone.
2:53 of 1st period - Ramzi Abid is hit by Alex Chiasson and loses puck.
3:51 of 1st period - Snap shot by Zach Parise.
3:51 of 1st period - Deflect By Brad Richards.
3:51 of 1st period - Shot Misses the Net.
3:51 of 1st period - Puck is out of play.
3:52 of 1st period - John Tavares wins face-off versus Brad Richards in Stars zone.
4:07 of 1st period - Snap shot by John Tavares.
4:07 of 1st period - Shot Misses the Net.
4:19 of 1st period - Ramzi Abid is hit by Antoine Vermette and loses puck.
5:13 of 1st period - Snap shot by Evgeny Artyukhin.
5:13 of 1st period - Shot Misses the Net.
5:23 of 1st period - Brad Richards is hit by Michael Grabner and loses puck.
6:06 of 1st period - Snap shot by Nazem Kadri.
6:06 of 1st period - Stopped by Cory Schneider without a rebound.
6:07 of 1st period - Evgeny Grachev wins face-off versus Nazem Kadri in Stars zone.
6:14 of 1st period - Snap shot by Boris Valabik.
6:14 of 1st period - Stopped by Maxime Daigneault with a rebound.
6:16 of 1st period - Snap shot by Cam Atkinson.
6:16 of 1st period - Stopped by Maxime Daigneault with a rebound.
6:34 of 1st period - Wrist shot by Zach Parise.
6:34 of 1st period - Shot Misses the Net.
6:56 of 1st period - Ian White is hit by Thomas Hickey and loses puck.
7:27 of 1st period - Wrist shot by Ramzi Abid.
7:27 of 1st period - Stopped by Cory Schneider without a rebound.
7:28 of 1st period - John Tavares wins face-off versus Brad Richards in Stars zone.
7:30 of 1st period - Minor Penalty to Guillaume Latendresse for Tripping.
7:31 of 1st period - John Tavares wins face-off versus Nazem Kadri in Stars zone.
7:31 of 1st period - John Tavares is hit by Marian Gaborik.
7:40 of 1st period - Snap shot by Cory Emmerton.
7:40 of 1st period - Stopped by Maxime Daigneault without a rebound.
7:41 of 1st period - Nazem Kadri wins face-off versus John Tavares in Coyotes zone.
7:50 of 1st period - Snap shot by Tyler Ennis.
7:50 of 1st period - Shot Misses the Net.
7:54 of 1st period - Wrist shot by Nazem Kadri.
7:54 of 1st period - Deflect By Tyler Ennis.
7:54 of 1st period - Shot Misses the Net.
7:54 of 1st period - Puck is out of play.
7:55 of 1st period - John Tavares wins face-off versus Nazem Kadri in Stars zone.
8:06 of 1st period - Wrist shot by Tyler Ennis.
8:06 of 1st period - Stopped by Cory Schneider with a rebound.
8:08 of 1st period - Snap shot by Marian Gaborik.
8:08 of 1st period - Goal by Marian Gaborik - Coyotes : 2 - Stars : 0.
8:09 of 1st period - John Tavares wins face-off versus Brad Richards in neutral zone.
8:14 of 1st period - Snap shot by John Tavares.
8:14 of 1st period - Shot Blocked by Michael Del Zotto.
8:36 of 1st period - Brian Lee is hit by Evgeny Artyukhin and loses puck.
9:01 of 1st period - Tyler Ennis is hit by Antoine Vermette and loses puck.
9:20 of 1st period - Cam Atkinson is hit by Zach Parise and loses puck.
10:26 of 1st period - Snap shot by Tyler Ennis.
10:26 of 1st period - Stopped by Cory Schneider with a rebound.
11:09 of 1st period - Alex Chiasson is hit by Martin Samuelsson and loses puck.
11:14 of 1st period - Slapshot by Nick Bonino.
11:14 of 1st period - Stopped by Cory Schneider without a rebound.
11:15 of 1st period - Brad Richards wins face-off versus Alex Chiasson in Stars zone.
11:20 of 1st period - Wrist shot by Marian Gaborik.
11:20 of 1st period - Shot Misses the Net.
11:22 of 1st period - Slapshot by Zach Parise.
11:22 of 1st period - Shot Misses the Net.
11:28 of 1st period - Snap shot by Zach Parise.
11:28 of 1st period - Shot Misses the Net.
11:30 of 1st period - Snap shot by Marian Gaborik.
11:30 of 1st period - Stopped by Cory Schneider without a rebound.
11:31 of 1st period - Nazem Kadri wins face-off versus John Tavares in Stars zone.
11:32 of 1st period - Slapshot by Tyler Ennis.
11:32 of 1st period - Shot Misses the Net.
11:36 of 1st period - Wrist shot by Tyler Ennis.
11:36 of 1st period - Shot Blocked by Guillaume Latendresse.
11:46 of 1st period - Slapshot by Nazem Kadri.
11:46 of 1st period - Stopped by Cory Schneider with a rebound.
11:54 of 1st period - Minor Penalty to Brian Lee for Hooking.
11:55 of 1st period - Nazem Kadri wins face-off versus John Tavares in Stars zone.
13:27 of 1st period - Snap shot by Cory Emmerton.
13:27 of 1st period - Shot Blocked by Kristopher Letang.
13:54 of 1st period - Penalty to Brian Lee is over, Brian Lee is back on ice.
14:10 of 1st period - Wrist shot by Brian Lee.
14:10 of 1st period - Stopped by Maxime Daigneault with a rebound.
14:13 of 1st period - Icing by Jonathan Ferland.
14:14 of 1st period - Jussi Jokinen wins face-off versus Anton Lander in Coyotes zone.
14:15 of 1st period - Snap shot by Antoine Vermette.
14:15 of 1st period - Shot Blocked by Matt Donovan.
14:21 of 1st period - Antoine Vermette is hit by Matt Donovan and loses puck.
15:41 of 1st period - Snap shot by Nick Bonino.
15:41 of 1st period - Stopped by Cory Schneider with a rebound.
15:43 of 1st period - Slapshot by Andrew MacDonald.
15:43 of 1st period - Stopped by Cory Schneider without a rebound.
15:44 of 1st period - John Tavares wins face-off versus Nick Bonino in Stars zone.
15:53 of 1st period - Wrist shot by Michael Grabner.
15:53 of 1st period - Stopped by Maxime Daigneault without a rebound.
15:54 of 1st period - Brad Richards wins face-off versus John Tavares in Coyotes zone.
16:11 of 1st period - Slapshot by John Tavares.
16:11 of 1st period - Shot Misses the Net.
16:24 of 1st period - Icing by Jussi Jokinen.
16:25 of 1st period - Nazem Kadri wins face-off versus Antoine Vermette in Stars zone.
16:59 of 1st period - Off-side.
17:00 of 1st period - John Tavares wins face-off versus Brad Richards in neutral zone.
17:07 of 1st period - Snap shot by Michael Grabner.
17:07 of 1st period - Stopped by Maxime Daigneault without a rebound.
17:08 of 1st period - John Tavares wins face-off versus Brad Richards in Coyotes zone.
17:21 of 1st period - Wrist shot by Zach Parise.
17:21 of 1st period - Shot Blocked by Boris Valabik.
17:23 of 1st period - Wrist shot by Zach Parise.
17:23 of 1st period - Goal by Zach Parise - Coyotes : 3 - Stars : 0.
17:24 of 1st period - Michael Grabner wins face-off versus Brad Richards in neutral zone.
17:39 of 1st period - Kristopher Letang is hit by Guillaume Latendresse and loses puck.
18:01 of 1st period - Snap shot by Alex Chiasson.
18:01 of 1st period - Shot Misses the Net.
18:53 of 1st period - Wrist shot by John Tavares.
18:53 of 1st period - Deflect By Guillaume Latendresse.
18:53 of 1st period - Shot Misses the Net.
18:53 of 1st period - Puck is out of play.
18:54 of 1st period - Brad Richards wins face-off versus John Tavares in Coyotes zone.
18:54 of 1st period - Brad Richards is hit by Brian Lee.
19:30 of 1st period - Wrist shot by Guillaume Latendresse.
19:30 of 1st period - Shot Misses the Net.
19:46 of 1st period - Slapshot by Marian Gaborik.
19:46 of 1st period - Shot Misses the Net.
Goals for this period are 3 for Coyotes vs 0 for Stars.
Shots for this period are 14 for Coyotes vs 6 for Stars.

2nd period


0:01 of 2nd period - John Tavares wins face-off versus Brad Richards in neutral zone.
0:04 of 2nd period - Marian Gaborik is hit by Guillaume Latendresse and loses puck.
0:08 of 2nd period - Icing by Anton Stralman.
0:09 of 2nd period - Brad Richards wins face-off versus John Tavares in Coyotes zone.
0:16 of 2nd period - Brian Lee is hit by Kristopher Letang and loses puck.
0:31 of 2nd period - Snap shot by Marian Gaborik.
0:31 of 2nd period - Stopped by Cory Schneider with a rebound.
0:33 of 2nd period - Snap shot by Marian Gaborik.
0:33 of 2nd period - Shot Misses the Net.
0:59 of 2nd period - Slapshot by Marian Gaborik.
0:59 of 2nd period - Stopped by Cory Schneider without a rebound.
1:00 of 2nd period - Nazem Kadri wins face-off versus Antoine Vermette in Stars zone.
1:01 of 2nd period - Snap shot by Tyler Ennis.
1:01 of 2nd period - Stopped by Cory Schneider without a rebound.
1:02 of 2nd period - Antoine Vermette wins face-off versus Nazem Kadri in Stars zone.
1:32 of 2nd period - Icing by B.J. Crombeen.
1:33 of 2nd period - Cory Emmerton wins face-off versus Nick Bonino in Stars zone.
1:43 of 2nd period - Wrist shot by Cory Emmerton.
1:43 of 2nd period - Shot Misses the Net.
1:47 of 2nd period - Snap shot by Cory Emmerton.
1:47 of 2nd period - Shot Misses the Net.
1:49 of 2nd period - Snap shot by Alexander Frolov.
1:49 of 2nd period - Shot Misses the Net.
2:27 of 2nd period - Slapshot by Andrew MacDonald.
2:27 of 2nd period - Stopped by Cory Schneider without a rebound.
2:28 of 2nd period - Evgeny Grachev wins face-off versus Brad Richards in Stars zone.
2:40 of 2nd period - Minor Penalty to Ted Purcell for Slashing.
2:41 of 2nd period - Nazem Kadri wins face-off versus John Tavares in Stars zone.
2:58 of 2nd period - Slapshot by Kristopher Letang.
2:58 of 2nd period - Shot Blocked by John Tavares.
3:16 of 2nd period - Snap shot by Brad Richards.
3:16 of 2nd period - Stopped by Cory Schneider without a rebound.
3:17 of 2nd period - Nazem Kadri wins face-off versus Jussi Jokinen in Stars zone.
3:42 of 2nd period - Jussi Jokinen is hit by Zach Parise and loses puck.
4:40 of 2nd period - Penalty to Ted Purcell is over, Ted Purcell is back on ice.
4:40 of 2nd period - Icing by Boris Valabik.
4:41 of 2nd period - Guillaume Latendresse wins face-off versus Brad Richards in Stars zone.
4:54 of 2nd period - Snap shot by Cory Emmerton.
4:54 of 2nd period - Goal by Cory Emmerton - Coyotes : 3 - Stars : 1.
4:55 of 2nd period - John Tavares wins face-off versus Nazem Kadri in neutral zone.
5:06 of 2nd period - Snap shot by Michael Grabner.
5:06 of 2nd period - Shot Misses the Net.
6:02 of 2nd period - B.J. Crombeen is hit by Andrew MacDonald and loses puck.
6:41 of 2nd period - Snap shot by Ramzi Abid.
6:41 of 2nd period - Shot Misses the Net.
6:43 of 2nd period - Backhand shot by Matt Donovan.
6:43 of 2nd period - Stopped by Cory Schneider with a rebound.
6:45 of 2nd period - Wrist shot by Anton Lander.
6:45 of 2nd period - Deflect By Ramzi Abid.
6:45 of 2nd period - Stopped by Cory Schneider with a rebound.
7:00 of 2nd period - Guillaume Latendresse is hit by Zach Parise and loses puck.
7:56 of 2nd period - Slapshot by Brian Lee.
7:56 of 2nd period - Deflect By John Tavares.
7:56 of 2nd period - Stopped by Maxime Daigneault with a rebound.
7:58 of 2nd period - Snap shot by Guillaume Latendresse.
7:58 of 2nd period - Shot Misses the Net.
8:00 of 2nd period - Snap shot by Michael Grabner.
8:00 of 2nd period - Deflect By John Tavares.
8:00 of 2nd period - Goal by John Tavares - Coyotes : 3 - Stars : 2.
8:01 of 2nd period - Nazem Kadri wins face-off versus John Tavares in neutral zone.
8:14 of 2nd period - Snap shot by John Tavares.
8:14 of 2nd period - Stopped by Maxime Daigneault without a rebound.
8:15 of 2nd period - Zach Parise wins face-off versus Antoine Vermette in Coyotes zone.
8:28 of 2nd period - Snap shot by Brian Lee.
8:28 of 2nd period - Stopped by Maxime Daigneault with a rebound.
8:30 of 2nd period - Slapshot by Ian White.
8:30 of 2nd period - Stopped by Maxime Daigneault without a rebound.
8:31 of 2nd period - Nazem Kadri wins face-off versus John Tavares in Coyotes zone.
8:40 of 2nd period - Snap shot by Guillaume Latendresse.
8:40 of 2nd period - Shot Misses the Net.
8:42 of 2nd period - Slapshot by Ian White.
8:42 of 2nd period - Shot Misses the Net.
8:44 of 2nd period - Slapshot by Brian Lee.
8:44 of 2nd period - Deflect By Nazem Kadri.
8:44 of 2nd period - Stopped by Maxime Daigneault with a rebound.
9:22 of 2nd period - Wrist shot by Cam Atkinson.
9:22 of 2nd period - Stopped by Maxime Daigneault without a rebound.
9:23 of 2nd period - Evgeny Grachev wins face-off versus Nazem Kadri in Coyotes zone.
9:30 of 2nd period - Slapshot by Ted Purcell.
9:30 of 2nd period - Stopped by Maxime Daigneault with a rebound.
9:32 of 2nd period - Wrist shot by Evgeny Grachev.
9:32 of 2nd period - Shot Blocked by Kristopher Letang.
9:34 of 2nd period - Snap shot by Niklas Hjalmarsson.
9:34 of 2nd period - Shot Misses the Net.
9:36 of 2nd period - Snap shot by Cam Atkinson.
9:36 of 2nd period - Shot Misses the Net.
9:38 of 2nd period - Wrist shot by Ted Purcell.
9:38 of 2nd period - Shot Blocked by Tyler Ennis.
10:14 of 2nd period - Kristopher Letang is hit by Antoine Vermette and loses puck.
10:56 of 2nd period - Slapshot by Evgeny Grachev.
10:56 of 2nd period - Stopped by Maxime Daigneault without a rebound.
10:57 of 2nd period - Nazem Kadri wins face-off versus John Tavares in Coyotes zone.
11:24 of 2nd period - Jussi Jokinen is hit by Brad Richards and loses puck.
12:08 of 2nd period - Slapshot by Cam Atkinson.
12:08 of 2nd period - Shot Misses the Net.
12:10 of 2nd period - Snap shot by Ted Purcell.
12:10 of 2nd period - Shot Blocked by Anton Lander.
12:18 of 2nd period - Wrist shot by Evgeny Grachev.
12:18 of 2nd period - Goal by Evgeny Grachev - Coyotes : 3 - Stars : 3.
12:19 of 2nd period - Guillaume Latendresse wins face-off versus Brad Richards in neutral zone.
12:26 of 2nd period - Snap shot by Michael Grabner.
12:26 of 2nd period - Shot Misses the Net.
13:14 of 2nd period - Slapshot by Johnny Oduya.
13:14 of 2nd period - Shot Blocked by Evgeny Artyukhin.
13:16 of 2nd period - Slapshot by B.J. Crombeen.
13:16 of 2nd period - Stopped by Maxime Daigneault with a rebound.
13:18 of 2nd period - Backhand shot by Niklas Hjalmarsson.
13:18 of 2nd period - Shot Blocked by Martin Samuelsson.
13:20 of 2nd period - Snap shot by B.J. Crombeen.
13:20 of 2nd period - Stopped by Maxime Daigneault with a rebound.
13:34 of 2nd period - Wrist shot by Cam Atkinson.
13:34 of 2nd period - Shot Misses the Net.
14:04 of 2nd period - Off-side.
14:05 of 2nd period - Antoine Vermette wins face-off versus Brad Richards in neutral zone.
14:32 of 2nd period - Brian Lee is hit by Anton Stralman and loses puck.
14:50 of 2nd period - Icing by Ian White.
14:51 of 2nd period - John Tavares wins face-off versus Martin Samuelsson in Stars zone.
15:27 of 2nd period - Snap shot by Evgeny Artyukhin.
15:27 of 2nd period - Shot Misses the Net.
15:29 of 2nd period - Wrist shot by Nick Bonino.
15:29 of 2nd period - Stopped by Cory Schneider with a rebound.
15:39 of 2nd period - Slapshot by Nick Bonino.
15:39 of 2nd period - Stopped by Cory Schneider with a rebound.
15:41 of 2nd period - Snap shot by Martin Samuelsson.
15:41 of 2nd period - Shot Blocked by John Tavares.
15:43 of 2nd period - Snap shot by Evgeny Artyukhin.
15:43 of 2nd period - Stopped by Cory Schneider without a rebound.
15:44 of 2nd period - Antoine Vermette wins face-off versus Zach Parise in Stars zone.
15:53 of 2nd period - Snap shot by Marian Gaborik.
15:53 of 2nd period - Shot Blocked by Boris Valabik.
15:55 of 2nd period - Slapshot by Anton Stralman.
15:55 of 2nd period - Shot Misses the Net.
15:57 of 2nd period - Snap shot by Marian Gaborik.
15:57 of 2nd period - Shot Blocked by Antoine Vermette.
15:59 of 2nd period - Wrist shot by Anton Stralman.
15:59 of 2nd period - Goal by Anton Stralman - Coyotes : 4 - Stars : 3.
16:00 of 2nd period - Brad Richards wins face-off versus John Tavares in neutral zone.
16:10 of 2nd period - Zach Parise is hit by Brian Lee and loses puck.
16:41 of 2nd period - Snap shot by Alex Chiasson.
16:41 of 2nd period - Shot Misses the Net.
16:43 of 2nd period - Slapshot by Ian White.
16:43 of 2nd period - Deflect By Antoine Vermette.
16:43 of 2nd period - Shot Blocked by Kristopher Letang.
16:43 of 2nd period - Puck is out of play.
16:44 of 2nd period - Brad Richards wins face-off versus Cory Emmerton in Coyotes zone.
17:16 of 2nd period - John Tavares is hit by Nazem Kadri and loses puck.
17:34 of 2nd period - Off-side.
17:35 of 2nd period - Antoine Vermette wins face-off versus Nick Bonino in neutral zone.
17:46 of 2nd period - Wrist shot by Alex Chiasson.
17:46 of 2nd period - Stopped by Maxime Daigneault without a rebound.
17:47 of 2nd period - John Tavares wins face-off versus Zach Parise in Coyotes zone.
17:48 of 2nd period - Snap shot by Michael Grabner.
17:48 of 2nd period - Stopped by Maxime Daigneault without a rebound.
17:49 of 2nd period - John Tavares wins face-off versus Brad Richards in Coyotes zone.
18:00 of 2nd period - Wrist shot by John Tavares.
18:00 of 2nd period - Stopped by Maxime Daigneault with a rebound.
18:02 of 2nd period - Wrist shot by Michael Grabner.
18:02 of 2nd period - Deflect By Guillaume Latendresse.
18:02 of 2nd period - Stopped by Maxime Daigneault without a rebound.
18:03 of 2nd period - John Tavares wins face-off versus Tyler Ennis in Coyotes zone.
19:01 of 2nd period - Snap shot by Ramzi Abid.
19:01 of 2nd period - Stopped by Cory Schneider without a rebound.
19:02 of 2nd period - Anton Lander wins face-off versus Antoine Vermette in Stars zone.
19:44 of 2nd period - Icing by Marian Gaborik.
19:45 of 2nd period - Brad Richards wins face-off versus Evgeny Grachev in Coyotes zone.
Goals for this period are 1 for Coyotes vs 3 for Stars.
Shots for this period are 12 for Coyotes vs 17 for Stars.

3rd period


0:01 of 3rd period - Brad Richards wins face-off versus John Tavares in neutral zone.
0:14 of 3rd period - Slapshot by John Tavares.
0:14 of 3rd period - Shot Hit the Post.
0:16 of 3rd period - Snap shot by Michael Grabner.
0:16 of 3rd period - Shot Misses the Net.
0:33 of 3rd period - B.J. Crombeen is hit by Zach Parise and loses puck.
1:16 of 3rd period - Slapshot by Kristopher Letang.
1:16 of 3rd period - Shot Blocked by Lasse Kukkonen.
2:30 of 3rd period - Alex Chiasson is hit by Anton Stralman and loses puck.
2:55 of 3rd period - Slapshot by Cory Emmerton.
2:55 of 3rd period - Shot Misses the Net.
3:13 of 3rd period - Slapshot by Tyler Ennis.
3:13 of 3rd period - Deflect By Nazem Kadri.
3:13 of 3rd period - Shot Misses the Net.
3:13 of 3rd period - Puck is out of play.
3:14 of 3rd period - Brad Richards wins face-off versus John Tavares in Stars zone.
3:15 of 3rd period - Slapshot by Marian Gaborik.
3:15 of 3rd period - Stopped by Cory Schneider with a rebound.
3:21 of 3rd period - Wrist shot by Brad Richards.
3:21 of 3rd period - Shot Blocked by John Tavares.
3:27 of 3rd period - Slapshot by Niklas Hjalmarsson.
3:27 of 3rd period - Stopped by Maxime Daigneault with a rebound.
3:29 of 3rd period - Snap shot by Guillaume Latendresse.
3:29 of 3rd period - Shot Misses the Net.
4:48 of 3rd period - Snap shot by Evgeny Grachev.
4:48 of 3rd period - Shot Blocked by Brad Richards.
5:13 of 3rd period - Icing by Ian White.
5:14 of 3rd period - Alexander Frolov wins face-off versus Brad Richards in Stars zone.
5:25 of 3rd period - Cory Emmerton is hit by Marian Gaborik and loses puck.
5:40 of 3rd period - Brian Lee is hit by Kristopher Letang and loses puck.
7:14 of 3rd period - Slapshot by Anton Lander.
7:14 of 3rd period - Stopped by Cory Schneider without a rebound.
7:15 of 3rd period - Brad Richards wins face-off versus John Tavares in Stars zone.
7:56 of 3rd period - Anton Stralman is hit by Cory Emmerton and loses puck.
8:17 of 3rd period - Wrist shot by Alexander Frolov.
8:17 of 3rd period - Stopped by Maxime Daigneault without a rebound.
8:18 of 3rd period - John Tavares wins face-off versus Marian Gaborik in Coyotes zone.
8:19 of 3rd period - Snap shot by Guillaume Latendresse.
8:19 of 3rd period - Stopped by Maxime Daigneault without a rebound.
8:20 of 3rd period - Guillaume Latendresse wins face-off versus Brad Richards in Coyotes zone.
8:23 of 3rd period - Slapshot by John Tavares.
8:23 of 3rd period - Stopped by Maxime Daigneault without a rebound.
8:24 of 3rd period - Brad Richards wins face-off versus John Tavares in Coyotes zone.
8:26 of 3rd period - Minor Penalty to Brad Richards for Interference.
8:27 of 3rd period - Tyler Ennis wins face-off versus Michael Grabner in Coyotes zone.
8:39 of 3rd period - Martin Samuelsson is hit by Michael Grabner and loses puck.
8:44 of 3rd period - Wrist shot by John Tavares.
8:44 of 3rd period - Stopped by Maxime Daigneault with a rebound.
9:04 of 3rd period - Icing by Jussi Jokinen.
9:05 of 3rd period - Anton Lander wins face-off versus Antoine Vermette in Stars zone.
9:06 of 3rd period - Wrist shot by Zach Parise.
9:06 of 3rd period - Goal by Zach Parise - Coyotes : 5 - Stars : 3.
9:07 of 3rd period - John Tavares wins face-off versus Tyler Ennis in neutral zone.
9:38 of 3rd period - Anton Stralman is hit by Jussi Jokinen and loses puck.
9:45 of 3rd period - Wrist shot by Brian Lee.
9:45 of 3rd period - Deflect By Kristopher Letang.
9:45 of 3rd period - Goal by Brian Lee - Coyotes : 5 - Stars : 4.
9:46 of 3rd period - Brad Richards wins face-off versus John Tavares in neutral zone.
10:26 of 3rd period - Slapshot by Nazem Kadri.
10:26 of 3rd period - Stopped by Cory Schneider without a rebound.
10:27 of 3rd period - Cory Emmerton wins face-off versus Nick Bonino in Stars zone.
10:55 of 3rd period - Slapshot by Michael Del Zotto.
10:55 of 3rd period - Stopped by Cory Schneider without a rebound.
10:56 of 3rd period - John Tavares wins face-off versus Brad Richards in Stars zone.
10:56 of 3rd period - John Tavares is hit by Zach Parise.
12:06 of 3rd period - Johnny Oduya is hit by Thomas Hickey and loses puck.
13:41 of 3rd period - Slapshot by Michael Grabner.
13:41 of 3rd period - Shot Misses the Net.
13:43 of 3rd period - Slapshot by Michael Grabner.
13:43 of 3rd period - Goal by Michael Grabner - Coyotes : 5 - Stars : 5.
13:44 of 3rd period - Marian Gaborik wins face-off versus John Tavares in neutral zone.
14:20 of 3rd period - Brian Lee is hit by Nazem Kadri and loses puck.
14:37 of 3rd period - Ted Purcell is hit by Nick Bonino and loses puck.
14:58 of 3rd period - Jonathan Ferland is hit by Michael Grabner and loses puck.
15:20 of 3rd period - Icing by Jonathan Ferland.
15:21 of 3rd period - Anton Lander wins face-off versus Antoine Vermette in Coyotes zone.
15:44 of 3rd period - Andrew MacDonald is hit by Michael Grabner and loses puck.
15:55 of 3rd period - Snap shot by Guillaume Latendresse.
15:55 of 3rd period - Stopped by Maxime Daigneault without a rebound.
15:56 of 3rd period - Brad Richards wins face-off versus Alexander Frolov in Coyotes zone.
16:05 of 3rd period - Slapshot by Kristopher Letang.
16:05 of 3rd period - Stopped by Cory Schneider without a rebound.
16:06 of 3rd period - Brad Richards wins face-off versus Cory Emmerton in Stars zone.
16:46 of 3rd period - Off-side.
16:47 of 3rd period - Martin Samuelsson wins face-off versus John Tavares in neutral zone.
17:39 of 3rd period - Wrist shot by Ramzi Abid.
17:39 of 3rd period - Stopped by Cory Schneider with a rebound.
17:41 of 3rd period - Slapshot by Andrew MacDonald.
17:41 of 3rd period - Shot Blocked by Lasse Kukkonen.
18:00 of 3rd period - Snap shot by Evgeny Grachev.
18:00 of 3rd period - Stopped by Maxime Daigneault with a rebound.
18:21 of 3rd period - Wrist shot by Nick Bonino.
18:21 of 3rd period - Shot Misses the Net.
19:07 of 3rd period - Backhand shot by Ian White.
19:07 of 3rd period - Stopped by Maxime Daigneault without a rebound.
19:08 of 3rd period - Brad Richards wins face-off versus John Tavares in Coyotes zone.
19:35 of 3rd period - Minor Penalty to Niklas Hjalmarsson for Slashing.
19:36 of 3rd period - John Tavares wins face-off versus Nazem Kadri in Stars zone.
Goals for this period are 1 for Coyotes vs 2 for Stars.
Shots for this period are 7 for Coyotes vs 10 for Stars.

Overtime #1


0:01 of 1st overtime period - John Tavares wins face-off versus Nazem Kadri in neutral zone.
0:04 of 1st overtime period - Kristopher Letang is hit by John Tavares.
0:37 of 1st overtime period - Wrist shot by Antoine Vermette.
0:37 of 1st overtime period - Shot Blocked by Kristopher Letang.
0:39 of 1st overtime period - Snap shot by Antoine Vermette.
0:39 of 1st overtime period - Shot Misses the Net.
0:41 of 1st overtime period - Wrist shot by Antoine Vermette.
0:41 of 1st overtime period - Goal by Antoine Vermette - Coyotes : 5 - Stars : 6.
Goals for this period are 0 for Coyotes vs 1 for Stars.
Shots for this period are 0 for Coyotes vs 1 for Stars.